 Dungeon Crawl Stone Soup version 0.17-a0-764-gd40c196 (webtiles) character file.

2284 Noshyer the Destroyer (level 9, -1/54 HPs)
             Began as a High Elf Conjurer on Apr 23, 2015.
             Was an Initiate of Sif Muna.
             Killed from afar by an orc wizard (10 damage)
             ... with a puff of flame
             ... on level 8 of the Dungeon.
             The game lasted 00:42:40 (8255 turns).

Noshyer the Destroyer (High Elf Conjurer)           Turns: 8255, Time: 00:42:40

Health: -1/54      AC:  4    Str:  7    XL:     9   Next: 17%
Magic:  12/22      EV: 13    Int: 22    God:    Sif Muna [......]
Gold:   432        SH:  0    Dex: 17    Spells: 3 memorised, 15 levels left

rFire  . . .     SeeInvis .     (no weapon)
rCold  . . .     Clarity  .     a - +0 robe (curse)
rNeg   . . .     SustAb   .     (no shield)
rPois  .         Gourm    .     (no helmet)
rElec  .         Spirit   .     s - +0 cloak
rCorr  +         Warding  .     (no gloves)
rMut   .         Stasis   .     v - +0 pair of boots
MR     .....                    E - amulet of resist corrosion
Stlth  ++........               (no ring)
                                (no ring)

@: not resistant to hostile enchantments, unstealthy
A: no striking features
a: Renounce Religion


You were on level 8 of the Dungeon.
You worshipped Sif Muna.
Sif Muna was noncommittal.
You were not hungry.

You visited 2 branches of the dungeon, and saw 9 of its levels.
You also visited: Ossuary.

You collected 432 gold pieces.

Inventory:

Armour
 a - a cursed +0 robe (worn)
 s - a +0 cloak (worn)
 v - a +0 pair of boots (worn)
Jewellery
 p - a cursed amulet of rage
 E - an amulet of resist corrosion (around neck)
Magical devices
 o - a wand of enslavement (11)
 r - a wand of frost (7)
Scrolls
 f - 3 scrolls of identify
 h - 2 scrolls of blinking
 i - 8 scrolls of remove curse
 l - a scroll of magic mapping
 m - 2 scrolls of vulnerability {unknown}
 u - a scroll of recharging {unknown}
 w - a scroll of teleportation
 y - a scroll of immolation {unknown}
 D - a scroll of fog
Potions
 d - 2 potions of ambrosia {unknown}
 e - a potion of flight {unknown}
 g - 5 potions of brilliance {unknown}
 j - 5 potions of agility
 k - 3 potions of haste {unknown}
 q - a potion of might
 t - 2 potions of restore abilities
 x - a potion of curing
 z - 2 potions of heal wounds {unknown}
 A - a potion of mutation {unknown}
Books
 b - a book of Conjurations

   Spells                             Type                      Level
   a - Magic Dart                     Conjuration                  1
   b - Searing Ray                    Conjuration                  2
   c - Dazzling Spray                 Conjuration/Hexes            3
   d - Fulminant Prism                Conjuration/Hexes            4
   e - Iskenderun's Mystic Blast      Conjuration                  4
   f - Iskenderun's Battlesphere      Conjuration/Charms           5
Comestibles
 c - 4 bread rations
 n - a fruit
 B - 2 beef jerkies
 C - a meat ration


   Skills:
 - Level 2.1 Fighting
 - Level 2.1 Dodging
 - Level 2.1 Stealth
 * Level 8.6 Spellcasting
 * Level 9.9 Conjurations
 + Level 4.2 Evocations


You had 15 spell levels left.
You knew the following spells:

 Your Spells              Type           Power        Failure   Level  Hunger
a - Magic Dart            Conj           ####         1%          1    None
b - Iskenderun's Mystic   Conj           ######..     1%          4    ##.....
c - Iskenderun's Battles  Conj/Chrm      ####....     28%         5    #####..


Dungeon Overview and Level Annotations

Branches:
Dungeon (8/15)             Temple (1/1) D:7
   Lair: D:8-11

Altars:
Cheibriados
Dithmenos
Elyvilon
Fedhas
Gozag
Kikubaaqudgha
Makhleb
Nemelex Xobeh
Okawaru
Qazlal
Ru
Sif Muna
Trog
Vehumet
Xom
Yredelemnul
Zin
The Shining One


Message History

You hear the faint creaking of a very distant portcullis.
Found 19 stones.
Casting: Magic Dart
Confirm with . or Enter, or press ? or * to list all spells.
Aiming: Magic Dart
Press: ? - help, Shift-Dir - straight line, f - orc wizard
Aim: an orc wizard, wielding an enchanted dagger and wearing a robe The magic dart hits the orc wizard.
The orc wizard casts a spell.
The orc wizard seems to speed up.
Casting: Magic Dart
Confirm with . or Enter, or press ? or * to list all spells.
Aiming: Iskenderun's Mystic Blast
Press: ? - help, Shift-Dir - straight line, f/p - orc wizard
Aim: an orc wizard, wielding an enchanted dagger and wearing a robe (fast)
The orb of energy hits the orc wizard.
The orc wizard is heavily wounded.
The orc wizard gestures at you while chanting.
The puff of flame hits you!
You die...

######### #.#.
#.......# #.#.
#.###...###...
#.#.#._.....#.
#.###...###...
#.......#.†... #
#########.....
#.########.#........
#..@......o....#..##
#(########.###.#..#
# ### ######


You could see an orc wizard.

Vanquished Creatures
  Grinder (D:4)
  A hippogriff (D:7)
  Menkaure (D:5)
  2 sky beasts
  A black bear (D:6)
  3 ogres
  5 giant frogs
  A scorpion (D:5)
  A water moccasin skeleton (D:4)
  A killer bee (D:8)
  A crimson imp (D:5)
  2 hounds
  2 jellies
  A giant frog zombie (D:6)
  A giant frog skeleton (D:4)
  2 orc wizards
  7 worker ants
  2 iguanas
  3 mummies (Ossuary)
  13 adders
  4 gnolls (D:5)
  A shadow imp (D:6)
  An ooze (D:7)
  An adder zombie (D:7)
  2 worms
  4 giant geckos
  13 orcs
  A ball python (D:1)
  13 bats
  A bat skeleton (D:6)
  4 giant cockroaches
  8 goblins
  10 hobgoblins
  6 jackals
  4 quokkas
  A giant gecko skeleton (D:5)
  A giant gecko zombie (D:6)
  6 giant newts
  4 gnoll skeletons (Ossuary)
  3 gnoll zombies (Ossuary)
  5 goblin skeletons (Ossuary)
  2 goblin zombies (Ossuary)
  A hobgoblin skeleton (Ossuary)
  2 hobgoblin zombies (Ossuary)
  17 kobolds
  2 kobold skeletons (Ossuary)
  5 kobold zombies (Ossuary)
  3 orc skeletons (Ossuary)
  2 orc zombies (Ossuary)
  7 rats
  A rat skeleton (Ossuary)
  4 rat zombies (Ossuary)
190 creatures vanquished.

Vanquished Creatures (others)
  A wizard (D:8)
  A human (D:2)
  A mummy (Ossuary)
  2 gnoll zombies (Ossuary)
  A gnoll skeleton (Ossuary)
  A hobgoblin skeleton (Ossuary)
  A hobgoblin zombie (Ossuary)
  2 kobold skeletons (Ossuary)
  3 orc skeletons (Ossuary)
  3 orc zombies (Ossuary)
  2 rat skeletons (Ossuary)
  A rat zombie (Ossuary)
19 creatures vanquished.

Grand Total: 209 creatures vanquished

Notes
Turn   | Place    | Note
--------------------------------------------------------------
     0 | D:1      | Noshyer, the High Elf Conjurer, began the quest for the Orb.
     0 | D:1      | Reached XP level 1. HP: 11/11 MP: 4/4
   179 | D:1      | Reached XP level 2. HP: 17/17 MP: 2/6
   416 | D:1      | Reached skill level 5 in Conjurations
   526 | D:1      | Found a sparkling altar of Nemelex Xobeh.
   698 | D:1      | Reached XP level 3. HP: 21/21 MP: 5/8
  1365 | D:2      | Found an ancient bone altar of Kikubaaqudgha.
  1365 | D:2      | Noticed a human
  1369 | D:2      | Killed a human
  1592 | D:2      | Reached XP level 4. HP: 27/27 MP: 6/10
  1640 | D:2      | Learned a level 4 spell: Iskenderun's Mystic Blast
  2312 | D:3      | Reached XP level 5. HP: 5/31 MP: 4/12
  2334 | D:3      | Reached skill level 6 in Conjurations
  3453 | D:4      | Reached skill level 1 in Evocations
  3631 | D:4      | Noticed an ogre
  3789 | D:4      | Noticed an ogre
  3802 | D:4      | Found a snail-covered altar of Cheibriados.
  4078 | D:4      | Noticed Grinder
  4078 | D:4      | Paralysed by Grinder for 2 turns
  4228 | D:4      | Killed Grinder
  4228 | D:4      | Reached skill level 5 in Spellcasting
  4228 | D:4      | Reached skill level 7 in Conjurations
  4228 | D:4      | Reached XP level 6. HP: 10/36 MP: 6/15
  4412 | D:5      | Entered Level 5 of the Dungeon
  4412 | D:5      | Noticed Menkaure
  4417 | D:5      | Killed Menkaure
  4417 | D:5      | Reached skill level 1 in Fighting
  4417 | D:5      | Reached XP level 7. HP: 13/43 MP: 2/16
  5461 | D:4      | Reached skill level 8 in Conjurations
  5514 | D:4      | Killed an ogre
  5514 | D:4      | Reached XP level 8. HP: 50/50 MP: 9/18
  5667 | D:3      | Killed an ogre
  6224 | D:6      | Found a sand-covered staircase.
  6233 | Ossuary  | Entered an ossuary
  6885 | D:6      | Reached skill level 9 in Conjurations
  7272 | D:7      | Learned a level 5 spell: Iskenderun's Battlesphere
  7538 | D:7      | Reached XP level 9. HP: 54/54 MP: 0/22
  7959 | D:7      | Found a staircase to the Ecumenical Temple.
  7971 | Temple   | Entered the Ecumenical Temple
  8045 | Temple   | Became a worshipper of Sif Muna the Loreminder
  8200 | D:8      | Found a bloodstained altar of Trog.
  8200 | D:8      | Noticed a wizard
  8207 | D:8      | Killed a wizard
  8255 | D:8      | Killed from afar by an orc wizard

Action                   |  1- 3 |  4- 6 |  7- 9 || total
-------------------------+-------+-------+-------++-------
Melee: Unarmed           |       |     2 |       ||     2
 Cast: Magic Dart        |    71 |   126 |   287 ||   484
       Iskenderun's Myst |       |    10 |    39 ||    49
       Iskenderun's Batt |       |       |     2 ||     2
Evoke: Wand              |       |       |     6 ||     6
  Use: Scroll            |     3 |     9 |     5 ||    17
       Potion            |       |     5 |     1 ||     6
 Stab: Sleeping          |       |     1 |       ||     1
  Eat: Chunk             |     2 |     3 |     6 ||    11
       Meat ration       |       |     1 |     1 ||     2
       Fruit             |       |     1 |     2 ||     3
       Bread ration      |       |       |     1 ||     1
